 Dungeon Crawl Stone Soup version 0.31-a0-4-gefa6de2278 (webtiles) character file.

Game seed: 13610892567729718410

550 Darkkill the Shooter (level 7, -2/61 HPs)
             Began as a Minotaur Hunter on May 4, 2023.
             Slain by an orc
             ... wielding a +0 hand axe
              (5 damage)
             ... on level 4 of the Dungeon.
             The game lasted 00:05:42 (3997 turns).

Darkkill the Shooter (Minotaur Hunter)              Turns: 3997, Time: 00:05:43

Health: -2/61      AC:  3    Str: 16    XL:     7   Next: 7%
Magic:  6/6        EV: 18    Int:  6    God:
Gold:   187        SH:  0    Dex: 15    Spells: 6/6 levels left

rFire   . . .        a - +1 shortbow
rCold   . . .        (shield currently unavailable)
rNeg    . . .        c - +0 leather armour
rPois   .            (helmet restricted)
rElec   .            (no cloak)
rCorr   .            (no gloves)
SInv    .            (no boots)
Will    .....        (no amulet)
Stlth   ++           l - +5 ring of evasion
HPRegen 0.30/turn    (no ring)
MPRegen 0.10/turn

%: no passive effects
@: no status effects
A: horns 2, retaliatory headbutt
a: no special abilities


You were on level 4 of the Dungeon.
You visited 1 branch of the dungeon, and saw 5 of its levels.

You collected 187 gold pieces.

Inventory:

Hand Weapons
 a - a +1 shortbow (weapon)
Missiles
 d - 18 stones
 h - 7 poisoned darts
 k - 4 javelins
Armour
 c - a +0 leather armour (worn)
 e - a +0 cloak
Jewellery
 l - a +5 ring of evasion (left hand)
Wands
 n - a wand of digging (5)
Scrolls
 b - 2 scrolls of immolation
Potions
 f - a potion of cancellation {unknown}
 i - a potion of lignification {unknown}
 m - a potion of flight {unknown}


   Skills:
 + Level 5.0 Fighting
 + Level 6.0 Ranged Weapons
 + Level 4.5 Dodging
 + Level 3.3 Stealth


You had 6 spell levels left.
You didn't know any spells.
Your spell library was empty.

Dungeon Overview and Level Annotations

Branches:
Dungeon (5/15)
 Temple: D:4-7

Altars:

Shops:
D:2 *


Innate Abilities, Weirdness & Mutations

You have a pair of horns on your head.
You reflexively headbutt those who attack you in melee.


Message History

The orc wizard shouts!
The arrow hits the orc priest but does no damage.
The orc wizard points at you and mumbles some strange words.
You are confused.
There are monsters nearby!
You shoot an arrow.
You hear a bark!
An orc comes into view. It is wielding a +0 hand axe.
A hound comes into view.
You shoot an arrow. The orc shouts!
There are monsters nearby!
You shoot an arrow. The hound bites you.
A ball python comes into view.
The hound closely misses you.
The orc wizard casts a spell.
The orc wizard flickers and vanishes!
Deactivating autopickup; reactivate with Ctrl-A.
You shoot an arrow. The hound bites you. The orc barely misses you.
The hound barely misses you.
You shoot an arrow. The hound misses you.
You shoot an arrow.
You feel less confused. The hound bites you.
The orc priest calls upon Beogh to heal the orc.
The orc barely misses you. You furiously retaliate!
You headbutt the orc. The hound closely misses you.
You shoot an arrow. The arrow barely misses the orc.
The hound bites you. The orc hits you with a +0 hand axe.
The hound closely misses you.
You hear some strange, mumbled words.
A magic dart appears from out of thin air!
The magic dart hits you. The orc hits you with a +0 hand axe.
You shoot an arrow. The arrow closely misses the orc.
The hound barely misses you. The hound bites you.
You shoot an arrow. The arrow completely misses the hound.
The arrow hits the orc!
You kill the orc!
The hound bites you. The orc barely misses you. The hound closely misses you.
You furiously retaliate!
You headbutt the hound! You shoot an arrow. The arrow hits the hound!
The hound is almost dead.
The hound closely misses you. You furiously retaliate!
You headbutt the hound.
You kill the hound!
The orc priest calls upon Beogh to heal the orc.
The orc's wounds heal themselves!
The orc completely misses you. Something hits you.
Your Fighting skill increases to level 5!
Your Ranged Weapons skill increases to level 6!
You have reached level 7!
You shoot an arrow.
The arrow barely misses the ball python.
The arrow hits the orc priest but does no damage.
The ball python misses you. You furiously retaliate!
You headbutt the ball python.
You kill the ball python!
Something barely misses you. The orc completely misses you.
You shoot an arrow. The arrow hits the orc priest.
The orc priest is lightly wounded.
The orc priest mumbles some strange prayers to Beogh against you.
Beogh smites you! The orc priest completely misses you. The orc misses you.
Something hits you. x2; The orc priest misses you.
You furiously retaliate!
You headbutt the orc priest. The orc hits you but does no damage.
You shoot an arrow. The arrow hits the orc priest.
The orc priest is almost dead.
The orc completely misses you. The orc priest barely misses you.
Something hits you but does no damage.
You shoot an arrow.
The arrow hits the orc priest but does no damage.
The orc priest is almost dead.
The orc hits you with a +0 hand axe.
* * * LOW HITPOINT WARNING * * *
The orc priest calls down the wrath of Beogh upon you.
Beogh smites you!
* * * LOW HITPOINT WARNING * * *
The orc priest closely misses you. You furiously retaliate!
You headbutt the orc priest!
You kill the orc priest!
You hear some strange, mumbled words.
Something tries to affect you, but you resist.
You feel better. The orc misses you. Something hits you.
* * * LOW HITPOINT WARNING * * *
Okay, then.
As you read the scroll labelled UGEVOM DIUDWAS, it crumbles to dust.
It is a scroll of enchant weapon.
Your +0 shortbow glows red for a moment.
The orc closely misses you. Something hits you.
* * * LOW HITPOINT WARNING * * *
The orc priest completely misses you.
You shoot an arrow. The arrow hits the orc priest!
The orc priest is severely wounded.
The orc hits you but does no damage. Something completely misses you.
The orc priest casts a cantrip, but nothing happens.
You shoot an arrow. The arrow hits the orc priest.
You kill the orc priest!
Something hits you.
* * * LOW HITPOINT WARNING * * *
The orc hits you with a +0 hand axe.
* * * LOW HITPOINT WARNING * * *
The orc hits you with a +0 hand axe.
You die...

........##...# #
........##...# .#
####.##......######.#
...#.#####..........####
.......# #.#...#........
.......# #.###.#........
.......# #.# #.#........
.......# #.# #..{o......
##.#.### #.# ##.@))....#
#.#.# #.# ####.....#
##.#.### ....# ...#.#..
.... ####.#.####### ...
...#.#........ .>
##.#.#..###### #
........#....
##.#....##.#####


You could see an orc.

Vanquished Creatures
  A wyvern (D:4)
  A phantom (D:5)
  A kobold brigand (D:4)
  2 orc priests (D:4)
  3 hounds
  Jessica (D:2)
  4 adders
  A shadow imp (D:5)
  2 worms (D:2)
  9 orcs
  7 bats
  2 endoplasms (D:1)
  6 giant cockroaches
  8 goblins
  3 hobgoblins
  2 jackals (D:3)
  A quokka (D:1)
  A ball python (D:4)
  2 frilled lizards (D:1)
  4 kobolds
  4 rats
65 creatures vanquished.

Vanquished Creatures (others)
  A fungus (D:2)
1 creature vanquished.

Grand Total: 66 creatures vanquished

Notes
Turn   | Place    | Note
-------+----------+-------------------------------------------
     0 | D:1      | Darkkill the Minotaur Hunter began the quest for the Orb.
     0 | D:1      | Reached XP level 1. HP: 18/18 MP: 0/0
    66 | D:1      | Reached skill level 1 in Stealth
   158 | D:1      | Reached XP level 2. HP: 25/25 MP: 1/1
  1068 | D:2      | Reached XP level 3. HP: 25/31 MP: 2/2
  1358 | D:2      | Noticed Jessica
  1365 | D:2      | Killed Jessica
  1366 | D:2      | Reached XP level 4. HP: 31/38 MP: 3/3
  1479 | D:2      | Reached skill level 5 in Ranged Weapons
  1621 | D:2      | Found Xogemeleagh's Assorted Antiques.
  1776 | D:2      | Found a faded altar of an unknown god.
  2051 | D:3      | You fall into a shaft and drop 2 floors!
  2051 | D:5      | Entered Level 5 of the Dungeon
  2175 | D:5      | Reached XP level 5. HP: 26/46 MP: 4/4
  2284 | D:5      | Noticed a phantom
  2295 | D:5      | HP: 7/46 [phantom (7)]
  2296 | D:5      | Killed a phantom
  2548 | D:4      | Noticed a wyvern
  2554 | D:4      | HP: 5/46 [wyvern (19)]
  2555 | D:4      | Killed a wyvern
  2556 | D:4      | Reached XP level 6. HP: 6/53 MP: 5/5
  2560 | D:4      | HP: 6/53 [kobold brigand/+0 whip (1)]
  2565 | D:4      | HP: 2/53 [kobold brigand/+0 whip (4)]
  2589 | D:4      | HP: 8/53 [giant cockroach (1)]
  3990 | D:4      | Reached skill level 5 in Fighting
  3990 | D:4      | Reached skill level 6 in Ranged Weapons
  3990 | D:4      | Reached XP level 7. HP: 34/61 MP: 6/6
  3993 | D:4      | HP: 1/61 [orc priest/divine providence (15)]
  3997 | D:4      | Slain by an orc

Illustrated notes

Levels and vault maps discovered:
D:1:      dpeg_arrival_three_same_balls, layout_loops_ring,
          nicolae_eternal_life, chequers_big_river, minivault_4,
          minmay_misc_feat_encased
D:2:      layout_basic, shapermc_ecumenical_altar_acropolis, serial_shops,
          nicolae_shop_rolling_square, hangedman_abyss_or_decor_stabs,
          uniq_jessica
D:3:      layout_loops_cross, serial_bayou_pond_e, minmay_misc_feat_alley
D:4:      layout_basic, minmay_small_thing
D:5:      layout_basic, kennysheep_mini_moat, hex_intersection,
          uniq_prince_ribbit1

Skill      XL: |  1  2  3  4  5  6 |
---------------+-------------------+-----
Stealth        | 1 2 3 |  3.3
Fighting       | 3 4 5 |  5.0
Dodging        | 3 4 |  4.5
Ranged Weapons | 5 6 |  6.0

Action                     |  1- 3 |  4- 6 |  7- 9 || total
---------------------------+-------+-------+-------++-------
   Fire: Shortbow          |    70 |   134 |     6 ||   210
    Use: Scroll            |     3 |     7 |     1 ||    11
         Potion            |       |       |     1 ||     1
 Armour: Leather armour    |     4 |     4 |     3 ||    11
  Dodge: Dodged            |    12 |    59 |    13 ||    84

Table legend: (Time is in decaauts)
 A = Elapsed time spent in this place.
 B = Non-inter-level travel time spent in this place.
 C = Inter-level travel time spent in this place.
 D = Time resting spent in this place.
 E = Time spent auto-exploring this place.
 F = Levels seen in this place.
 G = Mean time per level.
                   A        B        C        D        E       F      G
               +--------+--------+--------+--------+--------+-----+--------+
         Total |   4068 |   3931 |    137 |    306 |   3155 |   5 |  813.6 |
       Dungeon |   4068 |   3931 |    137 |    306 |   3155 |   5 |  813.6 |
               +--------+--------+--------+--------+--------+-----+--------+

Top non-repeatable levels by time:
     D:1: 1065 daAuts
     D:2: 1006 daAuts
     D:3: 938 daAuts
     D:4: 617 daAuts
     D:5: 440 daAuts

Levels and vault maps discovered:
D:1:      dpeg_arrival_three_same_balls, layout_loops_ring,
          nicolae_eternal_life, chequers_big_river, minivault_4,
          minmay_misc_feat_encased
D:2:      layout_basic, shapermc_ecumenical_altar_acropolis, serial_shops,
          nicolae_shop_rolling_square, hangedman_abyss_or_decor_stabs,
          uniq_jessica
D:3:      layout_loops_cross, serial_bayou_pond_e, minmay_misc_feat_alley
D:4:      layout_basic, minmay_small_thing
D:5:      layout_basic, kennysheep_mini_moat, hex_intersection,
          uniq_prince_ribbit1

Table legend: (Time is in decaauts)
 A = Elapsed time spent in this place.
 B = Non-inter-level travel time spent in this place.
 C = Inter-level travel time spent in this place.
 D = Time resting spent in this place.
 E = Time spent auto-exploring this place.
 F = Levels seen in this place.
 G = Mean time per level.
                   A        B        C        D        E       F      G
               +--------+--------+--------+--------+--------+-----+--------+
         Total |   4068 |   3931 |    137 |    306 |   3155 |   5 |  813.6 |
       Dungeon |   4068 |   3931 |    137 |    306 |   3155 |   5 |  813.6 |
               +--------+--------+--------+--------+--------+-----+--------+

Top non-repeatable levels by time:
     D:1: 1065 daAuts
     D:2: 1006 daAuts
     D:3: 938 daAuts
     D:4: 617 daAuts
     D:5: 440 daAuts

Table legend:
 A = Kills in this place as a percentage of kills in the entire game.
 B = Kills by you in this place as a percentage of kills by you in the entire game.
 C = Kills by friends in this place as a percentage of kills by friends in the entire game.
 D = Other kills in this place as a percentage of other kills in the entire game.
 E = Experience gained in this place as a percentage of experience gained in the entire game.
 F = Experience gained in this place divided by the number of levels of this place that you have seen.
                   A       B       C       D       E      F
               +-------+-------+-------+-------+-------+----------------------
         Total | 100.0 | 100.0 |   N/A |   N/A | 100.0 | 166.0
       Dungeon | 100.0 | 100.0 |   N/A |   N/A | 100.0 | 166.0
               +-------+-------+-------+-------+-------+----------------------
